 Dungeon Crawl Stone Soup version 0.24-a0-67-ga78bd38 (webtiles) character file.

Game seed: 18286530035802603615

10743 Roikka the Fighter (level 11, -4/123 HPs)
             Began as an Ogre Fighter on Feb 5, 2019.
             Was an Elder of Zin.
             Killed from afar by an electric eel (10 damage)
             ... with a bolt of electricity
             ... on level 11 of the Dungeon.
             The game lasted 00:54:35 (12761 turns).

Roikka the Fighter (Ogre Fighter)                  Turns: 12761, Time: 00:54:35

Health: -4/123     AC: 10    Str: 24    XL:     11   Next: 66%
Magic:  14/16      EV: 10    Int: 11    God:    Zin [****..]
Gold:   401        SH: 12    Dex: 13    Spells: 10/10 levels left

rFire    . . .     SeeInvis .   a - +7 flail (protect)
rCold    . . .     Gourm    .   c - +1 shield
rNeg     . . .     Faith    .   P - +1 steam dragon scales
rPois    ∞         Spirit   .   M - +2 hat
rElec    .         Reflect  .   g - +0 cloak
rCorr    .         Harm     .   (gloves unavailable)
MR       +....                  (boots unavailable)
Stlth    +.........             (no amulet)
HPRegen  0.30/turn              R - +3 ring of slaying
MPRegen  0.15/turn              x - ring of flight

@: vitalised
A: large, unfitting armour, tough skin 1
a: Recite, Vitalisation, Imprison, Donate Gold, Renounce Religion, Evoke Flight


You were on level 11 of the Dungeon.
You worshipped Zin.
Zin was greatly pleased with you.
You were not hungry.

You visited 2 branches of the dungeon, and saw 12 of its levels.
You also visited: Ossuary.

You collected 743 gold pieces.
You spent 217 gold pieces at shops.
You donated 125 gold pieces to Zin.

Inventory:

Hand Weapons
 a - a +7 flail of protection (weapon)
 b - a +0 hunting sling
 I - a +1 scimitar of flaming
Missiles
 m - 66 poisoned needles
 r - 3 needles of paralysis
 u - 83 sling bullets
 v - 367 stones (quivered)
 J - 19 javelins
 U - 5 needles of sleeping
Armour
 c - a +1 shield (worn)
 g - a +0 cloak (worn)
 n - the +1 animal skin "Ohay" {Dex+3}
   (You acquired it on level 5 of the Dungeon)

   It affects your dexterity (+3).
 M - a +2 hat (worn)
 P - +1 steam dragon scales (worn)
 Y - a +1 robe of the Archmagi
Jewellery
 h - an uncursed ring of ice
 w - an uncursed ring of protection from fire
 x - a ring of flight (right hand)
 L - an uncursed ring of ice
 N - an uncursed ring of wizardry {unknown}
 Q - an uncursed ring of resist corrosion
 R - a +3 ring of slaying (left hand)
 S - an uncursed ring of protection from fire
Wands
 o - a wand of acid (12)
 D - a wand of flame (16)
 K - a wand of iceblast (23)
 V - a wand of digging (7)
Scrolls
 i - 2 scrolls of blinking
 l - 3 scrolls of amnesia
 q - 7 scrolls of teleportation
 y - a scroll of silence
 z - a scroll of fog
 B - 6 scrolls of remove curse
 C - 3 scrolls of fear
 O - 2 scrolls of magic mapping
 T - 4 scrolls of immolation
 X - a scroll of enchant armour
Potions
 d - a potion of might
 e - a potion of resistance {unknown}
 j - 2 potions of invisibility
 k - 6 potions of curing
 p - 3 potions of ambrosia {unknown}
 s - 3 potions of agility
 t - a potion of brilliance {unknown}
 A - 3 potions of degeneration {unknown}
 E - a potion of magic {unknown}
 F - a potion of berserk rage {unknown}
 G - 3 potions of flight
 H - 2 potions of heal wounds
Comestibles
 f - 23 rations
 W - a chunk of flesh


   Skills:
 + Level 11.7 Fighting
   Level 1.3(5.7) Axes
 + Level 8.2 Maces & Flails
 - Level 2.6 Dodging
 + Level 8.6 Shields
 - Level 6.0 Invocations
 + Level 6.9 Evocations


You had 10 spell levels left.
You didn't know any spells.
Your spell library contained the following spells:

 Spells                   Type           Power        Failure   Level  Hunger
 Flame Tongue             Conj/Fire      #....        36%         1    ##.....
 Freeze                   Ice            #...         36%         1    ##.....
 Magic Dart               Conj           #...         36%         1    ##.....
 Blink                    Tloc           N/A          50%         2    ###....
 Call Imp                 Summ           #.......     50%         2    ###....
 Slow                     Hex            #.......     50%         2    ###....
 Throw Flame              Conj/Fire      #.....       50%         2    ###....
 Throw Frost              Conj/Ice       #.....       50%         2    ###....
 Conjure Flame            Conj/Fire      #.......     75%         3    ####...
 Inner Flame              Hex/Fire       #.......     75%         3    ####...
 Mephitic Cloud           Conj/Pois/Air  #.......     75%         3    ####...
 Ozocubu's Armour         Chrm/Ice       #.......     75%         3    ####...
 Sticky Flame             Conj/Fire      #.......     98%         4    #####..
 Summon Ice Beast         Ice/Summ       #.......     98%         4    #####..
 Throw Icicle             Conj/Ice       #.......     98%         4    #####..
 Fireball                 Conj/Fire      #.........   100%        5    ######.


Dungeon Overview and Level Annotations

Branches:
Dungeon (11/15)            Temple (1/1) D:6            Lair (0/6) D:11
    Orc (0/2) D:9

Altars:
Ashenzari
Cheibriados
Dithmenos
Elyvilon
Fedhas
Gozag
Hepliaklqana
Kikubaaqudgha
Makhleb
Nemelex Xobeh
Okawaru
Qazlal
Ru
Sif Muna
Trog
Uskayaw
Vehumet
Wu Jian
Xom
Yredelemnul
Zin
The Shining One
Beogh

Shops:
D:5 *   D:7 [   D:10 [


Innate Abilities, Weirdness & Mutations

You are too large for most types of armour.
You have tough skin. (AC +1)


Message History

The bolt of electricity hits you!
The electric eel shoots out a bolt of lightning at you!
The bolt of electricity hits you!
* * * LOW HITPOINT WARNING * * *
Found a ration.
The electric eel shoots out a bolt of lightning at you!
The bolt of electricity hits the plant!
The bolt of electricity hits you!
* * * LOW HITPOINT WARNING * * *
The electric eel shoots out a bolt of lightning at you!
The bolt of electricity hits the plant.
The bolt of electricity hits you!
* * * LOW HITPOINT WARNING * * *
The electric eel shoots out a bolt of lightning at you!
The bolt of electricity hits the plant!
The bolt of electricity hits you.
* * * LOW HITPOINT WARNING * * *
Zin grants you divine stamina.
The electric eel shoots out a bolt of lightning at you!
The bolt of electricity hits the electric eel.
The electric eel completely resists.
The bolt of electricity hits the plant!
The bolt of electricity hits you!
You die...

## ♣♣≈# ##♣≈P♣≈ ###≈≈♣≈≈≈♣P
###### ##########.≈♣≈P≈≈≈≈♣
#....# ...........P≈≈≈♣≈≈≈≈
#....# ...%...@..≈≈≈≈P≈≈P≈≈
#....#####.........P≈≈≈≈≈≈≈≈≈
#....#...##########♣≈≈≈♣P≈≈≈♣
#....#...#.........♣≈≈;;≈≈≈≈≈
#....#...'........♣♣P≈♣≈≈≈≈≈P
#....#...#########♣P≈≈≈≈≈≈≈≈≈
#.................♣≈≈≈≈≈≈≈≈≈≈
#.................≈PP≈≈≈≈≈≈≈≈
######..##.#######≈♣≈≈≈≈≈≈≈≈≈


You could see 2 electric eels.

Vanquished Creatures
  Erica (D:8)
  A death yak (D:10)
  An ugly thing (D:10)
  A gargoyle (D:10)
  A centaur skeleton (D:11)
  A hornet (D:9)
  Prince Ribbit (D:6)
  A hippogriff (D:11)
  A wraith (Ossuary)
  7 yaks (D:9)
  A hungry ghost (D:7)
  Eustachio (D:4)
  A steam dragon (D:6)
  Edmund (D:4)
  Duvessa (D:6)
  A porcupine (D:11)
  5 orc warriors
  4 sky beasts
  An eye of draining (D:10)
  A necrophage (D:7)
  7 ogres
  A phantom (D:6)
  4 centaurs
  3 bullfrogs
  2 big kobolds
  2 gnoll sergeants
  Dowan (D:6)
  A scorpion (D:9)
  4 electric eels
  2 howler monkeys
  9 crimson imps
  2 centaur zombies
  A bullfrog zombie (D:8)
  5 hounds
  2 jellies
  7 orc priests
  2 iguanas (D:10)
  5 orc wizards
  A hell rat (D:11)
  11 worker ants
  A hound zombie (D:5)
  A mummy (Ossuary)
  A worker ant zombie (D:7)
  Robin (D:2)
  5 gnolls (D:7)
  11 adders
  2 shadow imps
  An adder zombie (D:9)
  2 worms (D:4)
  3 adder skeletons
  2 dart slugs (D:2)
  8 leopard geckos
  35 orcs
  12 bats
  2 bat zombies (D:6)
  6 giant cockroaches
  18 goblins
  7 hobgoblins
  25 jackals
  6 quokkas
  6 ball pythons
  7 frilled lizards
  6 gnoll skeletons (Ossuary)
  13 kobolds
  8 kobold skeletons (Ossuary)
  A leopard gecko skeleton (D:4)
  11 orc skeletons (Ossuary)
  8 rats
314 creatures vanquished.

Vanquished Creatures (others)
  Gastronok (D:9)
1 creature vanquished.

Grand Total: 315 creatures vanquished

Notes
Turn   | Place    | Note
-------+----------+-------------------------------------------
     0 | D:1      | Roikka the Ogre Fighter began the quest for the Orb.
     0 | D:1      | Reached XP level 1. HP: 24/24 MP: 1/1
   387 | D:1      | Reached XP level 2. HP: 30/32 MP: 2/2
  1185 | D:2      | Reached XP level 3. HP: 34/40 MP: 3/3
  1304 | D:2      | Reached XP level 4. HP: 11/49 MP: 4/4
  1815 | D:2      | Noticed Robin
  2019 | D:2      | Killed Robin
  2359 | D:2      | Reached XP level 5. HP: 36/55 MP: 5/5
  2852 | D:2      | Reached skill level 5 in Fighting
  3180 | D:3      | Found a faded altar of an unknown god.
  3940 | D:4      | Noticed an ogre
  3944 | D:4      | Killed an ogre
  3944 | D:4      | Reached skill level 1 in Axes
  3944 | D:4      | Reached skill level 1 in Evocations
  3944 | D:4      | Reached XP level 6. HP: 66/66 MP: 6/6
  3961 | D:4      | Noticed Eustachio
  4006 | D:4      | Killed Eustachio
  4084 | D:4      | Reached skill level 6 in Fighting
  4084 | D:4      | Reached XP level 7. HP: 37/75 MP: 8/8
  4282 | D:4      | Noticed Edmund
  4308 | D:4      | HP: 1/75 [Edmund/+6 flail of protection (13)]
  4309 | D:4      | Killed Edmund
  4309 | D:4      | Reached skill level 5 in Shields
  4498 | D:4      | Found a sand-covered staircase.
  4508 | Ossuary  | Entered an ossuary
  4508 | Ossuary  | Noticed a wraith
  4508 | Ossuary  | Noticed a wraith
  4508 | Ossuary  | Noticed a wraith
  4743 | Ossuary  | Noticed a wraith
  4761 | Ossuary  | Killed a wraith
  4989 | D:4      | Reached XP level 8. HP: 83/84 MP: 8/10
  5158 | D:4      | Reached skill level 7 in Fighting
  5445 | D:5      | Entered Level 5 of the Dungeon
  5924 | D:5      | Found Jafuet's Assorted Antiques.
  5948 | D:5      | Bought an embroidered hat for 217 gold pieces
  5955 | D:5      | Identified a scroll of acquirement
  5956 | D:5      | Got a distressingly furry animal skin
  5967 | D:5      | Identified the +1 animal skin "Ohay" {Dex+3} (You acquired
                  | it on level 5 of the Dungeon)
  6046 | D:5      | Reached skill level 5 in Maces & Flails
  6394 | D:6      | Found a blossoming altar of Fedhas.
  6412 | D:6      | Reached skill level 8 in Fighting
  6539 | D:6      | Noticed Prince Ribbit
  6556 | D:6      | Killed Prince Ribbit
  6556 | D:6      | Reached XP level 9. HP: 72/97 MP: 10/12
  6731 | D:6      | Found a staircase to the Ecumenical Temple.
  6742 | Temple   | Entered the Ecumenical Temple
  6962 | Temple   | Became a worshipper of Zin the Law-Giver
  6962 | Temple   | Reached * piety under Zin
  7125 | D:6      | Found a shattered altar of Ashenzari.
  7133 | D:6      | Noticed Dowan
  7136 | D:6      | Noticed Duvessa
  7184 | D:6      | Killed Dowan
  7213 | D:6      | Found an ancient bone altar of Kikubaaqudgha.
  7568 | D:6      | Killed Duvessa
  7966 | D:7      | Reached skill level 9 in Fighting
  7967 | D:7      | Found a white marble altar of Elyvilon.
  8103 | D:7      | Donated 73 gold pieces to Zin
  8178 | D:7      | Reached ** piety under Zin
  8295 | D:7      | Found Zios's Armour Boutique.
  8556 | D:8      | Found a shadowy altar of Dithmenos.
  8558 | D:8      | Found a hide-covered altar of Uskayaw.
  8619 | D:8      | Found a sparkling altar of Nemelex Xobeh.
  8710 | D:8      | Reached skill level 1 in Invocations
  8710 | D:8      | Reached skill level 5 in Evocations
  8794 | D:8      | Noticed Erica
  8804 | D:8      | Killed Erica
  8804 | D:8      | Reached XP level 10. HP: 106/110 MP: 12/14
  8825 | D:8      | Reached *** piety under Zin
  9070 | D:8      | Reached skill level 10 in Fighting
  9337 | D:9      | Noticed Gastronok
  9348 | D:9      | Killed Gastronok
  9757 | D:9      | Found a radiant altar of Vehumet.
  9761 | D:9      | Found an ornate altar of the Wu Jian Council.
  9761 | D:9      | Found a deep blue altar of Sif Muna.
  9763 | D:9      | Found a glowing golden altar of the Shining One.
  9764 | D:9      | Found a hazy altar of Hepliaklqana.
  9764 | D:9      | Found a sacrificial altar of Ru.
  9765 | D:9      | Found a shimmering altar of Xom.
  9819 | D:9      | You fall through a shaft!
  9819 | D:10     | Entered Level 10 of the Dungeon
  9934 | D:9      | Reached XP level 11. HP: 119/119 MP: 15/15
 10067 | D:9      | Reached skill level 11 in Fighting
 10109 | D:9      | Reached skill level 5 in Invocations
 10317 | D:9      | Reached **** piety under Zin
 10521 | D:9      | Found a staircase to the Orcish Mines.
 10546 | D:9      | Found a roughly hewn altar of Beogh.
 11527 | D:10     | Found Zuguugush's Antique Armour Shoppe.
 11831 | D:11     | Noticed a death yak
 11832 | D:11     | Noticed a death yak
 11832 | D:11     | Noticed a seven-headed hydra
 11866 | D:10     | Killed a death yak
 11909 | D:11     | Found a staircase to the Lair.
 11911 | D:11     | Noticed a brown ugly thing
 11928 | D:10     | Killed a brown ugly thing
 12759 | D:11     | HP: 6/123 [electric eel/bolt of electricity (6)]
 12761 | D:11     | Killed from afar by an electric eel

Vault maps used:
D:1:      shiori_shiawase, st_stairs_9
D:2:      minmay_pentomino_w4, uniq_robin
D:3:      chequers_ecumenical_altar_simple_redux,
          minmay_fractal_squares_gapless_5
D:4:      minmay_bubble_buster, first_ration, chequers_ossuary_entry_cave,
          minivault_14, uniq_eustachio, uniq_edmund
D:5:      cheibrodos_fzero, serial_shops, shop
D:6:      lemuel_zombie_altar_kikubaaqudgha, ashenzari_conservatory_becter,
          minmay_temple_entry_waves, fedhas_altar_2, uniq_prince_ribbit1,
          uniq_duvessa
D:7:      elyvilon_altar_5, serial_shops, shop, minivault_10
D:8:      nemelex_xobeh_ov_fountains_minmay, minitemple, water_maze_lemuel,
          uniq_erica
D:9:      grunt_temple_overflow_open, minmay_orc_entry_temple_small,
          uniq_gastronok
D:10:     serial_shops, nicolae_shop_waterfront, blue_anna_alchemist
D:11:     dpeg_lair_monsters, serial_bayou_lake_a
Temple:   jpeg_temple_island
Ossuary:  ossuary_due_mausoleum

Skill      XL: |  1  2  3  4  5  6  7  8  9 10 11 |
---------------+----------------------------------+-----
Maces & Flails | 2 3 4 5 6 7 8 |  8.2
Shields        | 3 4 5 6 7 8 |  8.6
Fighting       | 5 6 8 9 10 11 | 11.7
Axes           | 1 |  1.3
Evocations     | 1 2 4 5 6 |  6.9
Invocations    | 2 4 6 |  6.0
Dodging        | |  2.6

Action                   |  1- 3 |  4- 6 |  7- 9 | 10-12 || total
-------------------------+-------+-------+-------+-------++-------
Melee: Flail             |    99 |   112 |   370 |   306 ||   887
       War axe           |       |    60 |       |       ||    60
       Giant club        |       |    42 |    18 |       ||    60
 Fire: Hunting sling     |     8 |    28 |    37 |    21 ||    94
Throw: Stone             |       |     4 |    21 |    10 ||    35
Invok: Donate Gold       |       |       |     1 |       ||     1
       Vitalisation      |       |       |       |     1 ||     1
 Abil: Evoke Flight      |       |       |       |     1 ||     1
Evoke: Wand              |       |       |       |     4 ||     4
  Use: Scroll            |     5 |     5 |     6 |     7 ||    23
       Potion            |       |       |     1 |     1 ||     2
 Stab: Sleeping          |     1 |     1 |       |       ||     2
  Eat: Chunk             |     1 |    10 |    12 |     5 ||    28
       Ration            |       |       |     2 |     2 ||     4
Armor: Robe              |    41 |    31 |       |       ||    72
       Animal skin       |       |    40 |    70 |       ||   110
       Steam dragon scal |       |       |    49 |   106 ||   155
Dodge: Dodged            |    41 |    91 |   115 |   110 ||   357
Block: Shield            |    70 |    91 |   203 |   185 ||   549

Table legend:
 A = Non-vault XP
 B = Vault XP
 C = Vault XP percentage of total XP
 D = Non-vault monster count
 E = Vault monster count
 F = Vault count percentage of total count
                 A         B        C        D         E       F
            +---------+---------+-------+---------+---------+-------
      Total |    8946 |    6402 |  41.7 |     216 |      99 |  31.4
            +---------+---------+-------+---------+---------+-------
        D:1 |      27 |      11 |  28.9 |      16 |       7 |  30.4
        D:2 |      60 |      84 |  58.3 |      23 |      17 |  42.5
        D:3 |      81 |       3 |   3.6 |      17 |       3 |  15.0
        D:4 |     415 |     555 |  57.2 |      15 |      14 |  48.3
        D:5 |     330 |     250 |  43.1 |      15 |      10 |  40.0
        D:6 |     678 |     486 |  41.8 |      16 |       5 |  23.8
        D:7 |     759 |       0 |   0.0 |      20 |       0 |   0.0
        D:8 |     512 |     965 |  65.3 |      21 |       1 |   4.5
        D:9 |    3140 |    2679 |  46.0 |      46 |      11 |  19.3
       D:10 |    1716 |     948 |  35.6 |      16 |       2 |  11.1
       D:11 |    1228 |     175 |  12.5 |      11 |       2 |  15.4
    Ossuary |       0 |     246 | 100.0 |       0 |      27 | 100.0
            +---------+---------+-------+---------+---------+-------
